 Dungeon Sprint DCSS version 0.30-a0-465-g8901f6c8b5 (webtiles) character file.

Game seed: 7100093823295964875

475 rocky1 the Destroyer (level 7, -21/48 HPs)
             Began as a Gargoyle Reaver on Dec 19, 2022.
             Was a Follower of Okawaru.
             Demolished by a freezing wraith (23 damage)
             ... in the Dungeon (Sprint VII: "The Pits").
             The game lasted 00:02:16 (1100 turns).

rocky1 the Destroyer (Gargoyle Reaver)              Turns: 1100, Time: 00:02:17

Health: -21/48     AC: 19    Str: 17    XL:     7   Next: 10%
Magic:  16/16      EV: 11    Int: 14    God:    Okawaru [*.....]
Gold:   0          SH:  0    Dex:  8    Spells: 17/18 levels left

rFire   . . .      SeeInvis .    m - +2 mace (protect)
rCold   . . .      Faith    .    (no shield)
rNeg    + . .      Spirit   .    n - +3 ring mail
rPois   ∞          Reflect  .    (no helmet)
rElec   +          Harm     .    (no cloak)
rCorr   .          Rampage  .    (no gloves)
Will    .....      NoTele   +    (no boots)
Stlth   ..........               (no amulet)
HPRegen 0.28/turn                (no ring)
MPRegen 0.15/turn                (no ring)

@: under a protective aura, on berserk cooldown, slowed, very slow
A: sickness immunity, AC +4, negative energy resistance 1, electricity
resistance, torment resistance 1, petrification resistance
a: Renounce Religion, Heroism


You were in the Dungeon.
You worshipped Okawaru.
Okawaru was aware of your devotion.
You visited 1 branch

Inventory:

Hand Weapons
 a - a +0 mace
 l - a +2 mace
 m - a +2 mace of protection (weapon)
Armour
 b - a +0 leather armour
 n - a +3 ring mail (worn)
Scrolls
 h - a scroll of blinking
 j - 5 scrolls of amnesia
 k - a scroll of summoning
Potions
 c - 6 potions of curing
 d - 3 potions of heal wounds
 e - a potion of haste
 f - 4 potions of magic
 g - a potion of berserk rage
 i - 2 potions of invisibility


   Skills:
 + Level 7.5 Fighting
 + Level 7.2 Maces & Flails
 + Level 5.7 Dodging
 + Level 6.3 Spellcasting
 + Level 8.0 Conjurations


You had 17 spell levels left.
You knew the following spells:

 Your Spells              Type           Power      Damage    Failure   Level
a - Kiss of Death         Conj/Necr      60%        2d10      5%          1

Your spell library contained the following spells:

 Spells                   Type           Power      Damage    Failure   Level
 Momentum Strike          Conj/Tloc      30%        3d8       9%          2
 Hailstorm                Conj/Ice       15%        3d5       17%         3


Dungeon Overview and Level Annotations

Branches:
Dungeon (1/1)

Altars:
Ashenzari
Cheibriados
Dithmenos
Elyvilon
Fedhas
Gozag
Hepliaklqana
Kikubaaqudgha
Makhleb
Nemelex Xobeh
Okawaru
Qazlal
Ru
Sif Muna
Trog
Uskayaw
Vehumet
Wu Jian
Xom
Yredelemnul
Zin
The Shining One
Jiyva
Lugonu


Innate Abilities, Weirdness & Mutations

You are immune to sickness and miasma.
Your stone body is resilient. (AC +4)
You are immune to poison.
You resist negative energy. (rN+)
You are resistant to electric shocks. (rElec)
You are resistant to unholy torment.
You are immune to petrification.


Message History

The freezing wraith hits you but does no damage. x2
You closely miss the freezing wraith.
The freezing wraith is severely damaged.
The freezing wraith hits you but does no damage.
The freezing wraith barely misses you.
You hit the freezing wraith but do no damage.
The freezing wraith is severely damaged.
You are no longer berserk.
You are exhausted.
You feel as though you will be slow longer.
The freezing wraith hits you but does no damage.
The freezing wraith closely misses you.
You feel much better. The freezing wraith barely misses you.
The freezing wraith closely misses you. The freezing wraith hits you!
The freezing wraith freezes you!
The freezing wraith hits you but does no damage.
You hit the freezing wraith but do no damage.
The freezing wraith is severely damaged.
The freezing wraith hits you but does no damage. x2
You hit the freezing wraith.
The freezing wraith is severely damaged.
The freezing wraith barely misses you.
The freezing wraith hits you but does no damage.
The freezing wraith closely misses you. The freezing wraith hits you.
The freezing wraith drains your vigour!
You feel as though you will be slow longer.
You hit the freezing wraith.
The freezing wraith is almost destroyed.
The freezing wraith barely misses you.
The freezing wraith hits you but does no damage.
You closely miss the freezing wraith.
The freezing wraith is severely damaged.
The freezing wraith hits you. The freezing wraith freezes you!
* * * LOW HITPOINT WARNING * * *
The freezing wraith hits you but does no damage. x3
Unknown command.
You feel much better. The freezing wraith hits you!
* * * LOW HITPOINT WARNING * * *
The freezing wraith freezes you!!
You die...

#)#........##.......#
#)###########.......#
#.......# #########
#...#...# #...#...#
#.##.##.#+#
#...#...#.+
#...#...#W#
#.......†@#
###########


You could see a freezing wraith.

Vanquished Creatures
  A warg (D)
  2 floating eyes (D)
  A scorpion (D)
  2 orc priests (D)
  An adder (D)
  A river rat (D)
  A white imp (D)
  An adder skeleton (D)
  2 orcs (D)
  A bat (D)
  A bat skeleton (D)
  A bat zombie (D)
  2 giant cockroaches (D)
  A goblin (D)
  A quokka (D)
19 creatures vanquished.

Notes
Turn   | Place    | Note
-------+----------+-------------------------------------------
     0 | D        | rocky1 the Gargoyle Reaver began the quest for the Orb.
     0 | D        | Reached XP level 1. HP: 12/12 MP: 3/3
    17 | D        | Reached XP level 2. HP: 14/18 MP: 3/5
    43 | D        | Found a bloodstained altar of Trog.
    43 | D        | Found a shimmering blue altar of Sif Muna.
    43 | D        | Found a viscous altar of Jiyva.
    43 | D        | Found a hazy altar of Hepliaklqana.
    43 | D        | Found an opulent altar of Gozag.
    69 | D        | Found a glowing golden altar of the Shining One.
    69 | D        | Found a glowing silver altar of Zin.
    69 | D        | Found a basalt altar of Yredelemnul.
    69 | D        | Found a shimmering altar of Xom.
    69 | D        | Found an ornate altar of the Wu Jian Council.
    69 | D        | Found a sacrificial altar of Ru.
    69 | D        | Found a stormy altar of Qazlal.
    69 | D        | Found an iron altar of Okawaru.
    69 | D        | Found a sparkling altar of Nemelex Xobeh.
    69 | D        | Found a burning altar of Makhleb.
    69 | D        | Found a blossoming altar of Fedhas.
    69 | D        | Found a white marble altar of Elyvilon.
    69 | D        | Found a shadowy altar of Dithmenos.
    69 | D        | Found a snail-covered altar of Cheibriados.
    70 | D        | Found a radiant altar of Vehumet.
    70 | D        | Found a corrupted altar of Lugonu.
    71 | D        | Found an ancient bone altar of Kikubaaqudgha.
    71 | D        | Found a hide-covered altar of Uskayaw.
    71 | D        | Found a broken altar of Ashenzari.
    81 | D        | Became a worshipper of Warmaster Okawaru
    93 | D        | Noticed a floating eye
    94 | D        | Paralysed by a floating eye for 4 turns
   104 | D        | Killed a floating eye
   105 | D        | Reached skill level 5 in Maces & Flails
   105 | D        | Reached skill level 5 in Conjurations
   105 | D        | Reached XP level 3. HP: 25/25 MP: 5/8
   105 | D        | Reached XP level 4. HP: 30/30 MP: 6/10
   243 | D        | Noticed a floating eye
   244 | D        | Paralysed by a floating eye for 3 turns
   250 | D        | Paralysed by a floating eye for 3 turns
   254 | D        | Paralysed by a floating eye for 2 turns
   256 | D        | Killed a floating eye
   256 | D        | Reached * piety under Okawaru
   257 | D        | Reached skill level 5 in Spellcasting
   257 | D        | Reached skill level 6 in Conjurations
   257 | D        | Reached XP level 5. HP: 36/36 MP: 10/12
   591 | D        | Reached XP level 6. HP: 39/39 MP: 13/13
   604 | D        | Reached skill level 5 in Dodging
   604 | D        | Reached skill level 7 in Conjurations
   902 | D        | Noticed a warg
   919 | D        | Killed a warg
   920 | D        | Reached skill level 8 in Conjurations
   920 | D        | Reached XP level 7. HP: 32/48 MP: 14/16
  1078 | D        | Noticed a freezing wraith
  1099 | D        | HP: 1/48 [freezing wraith (17)]
  1100 | D        | Demolished by a freezing wraith

Illustrated notes

Levels and vault maps discovered:
D:        pitsprint [storerooms_1, entrance_room_1, metal_vault_3, armoury_2,
          mini_pit_1, grid_room_1, main_hall_1, silver_pit, the_coven_1,
          the_vestibule_1, steel_vault_3, golden_pit, hallway_of_sentries,
          crystal_vault_1, iron_vault_4, final_vault]

Skill      XL: |  1  2  3  4  5  6 |
---------------+-------------------+-----
Dodging        | 2 3 4 5 |  5.7
Fighting       | 4 6 7 |  7.5
Maces & Flails | 5 6 7 |  7.2
Spellcasting   | 4 5 6 |  6.3
Conjurations   | 5 6 8 |  8.0

Action                   |  1- 3 |  4- 6 |  7- 9 || total
-------------------------+-------+-------+-------++-------
Melee: Mace              |    11 |    68 |    19 ||    98
       Punch             |     1 |       |       ||     1
 Cast: Kiss of Death     |       |     2 |       ||     2
  Use: Potion            |       |     2 |     3 ||     5
Armor: Leather armour    |     8 |    10 |       ||    18
       Ring mail         |       |    20 |    23 ||    43
Dodge: Dodged            |     5 |    45 |    12 ||    62

Table legend: (Time is in decaauts)
 A = Elapsed time spent in this place.
 B = Non-inter-level travel time spent in this place.
 C = Inter-level travel time spent in this place.
 D = Time resting spent in this place.
 E = Time spent auto-exploring this place.
 F = Levels seen in this place.
 G = Mean time per level.
                   A        B        C        D        E       F      G
               +--------+--------+--------+--------+--------+-----+--------+
         Total |   1114 |   1087 |     27 |    826 |      0 |   1 | 1114.0 |
       Dungeon |   1114 |   1087 |     27 |    826 |      0 |   1 | 1114.0 |
               +--------+--------+--------+--------+--------+-----+--------+

Top non-repeatable levels by time:
       D: 1114 daAuts
